 Dungeon Crawl Stone Soup version 0.29-a0-393-g47a863cc1b (webtiles) character file.

Game seed: 16366589054660276544

49 101zpm the Magician (level 4, -1/31 HPs)
             Began as a Djinni Fire Elementalist on May 10, 2022.
             Slain by a howler monkey (3 damage)
             ... on level 5 of the Dungeon.
             The game lasted 00:02:07 (934 turns).

101zpm the Magician (Djinni Fire Elementalist)       Turns: 934, Time: 00:02:07

Health: -1/31      AC:  2    Str:  7    XL:     4   Next: 1%
Gold:   58         EV: 12    Int: 19    God:
                   SH:  0    Dex: 13

rFire   + + .      SeeInvis .   (no weapon)
rCold   x . .      Faith    .   (no shield)
rNeg    . . .      Spirit   .   a - +0 robe
rPois   ∞          Reflect  .   (no helmet)
rElec   .          Harm     .   (no cloak)
rCorr   .          Rampage  .   (no gloves)
Will    .....                   (boots unavailable)
Stlth   ++........              (no amulet)
HPRegen 0.10/turn               (no ring)
MPRegen 0.00/turn               (no ring)

@: flying
A: sickness immunity, fire resistance 2, cold vulnerability 1, float, innate
caster, HP casting, extra vitality 1
a: no special abilities


You were on level 5 of the Dungeon.
You visited 1 branch of the dungeon, and saw 4 of its levels.

You collected 58 gold pieces.

Inventory:

Armour
 a - a +0 robe (worn)
Jewellery
 d - a +4 ring of evasion
Scrolls
 b - a scroll of amnesia {unknown}
 e - a scroll of fog {unknown}
Potions
 c - 2 potions of curing {unknown}


   Skills:
 + Level 0.1 Fighting
 + Level 2.8 Dodging
 + Level 1.7 Stealth
 + Level 3.3 Spellcasting


You couldn't memorise any spells.
You knew the following spells:

 Your Spells              Type           Power      Damage    Failure   Level
a - Foxfire               Conj/Fire      60%        2x1d7     3%          1
b - Scorch                Fire           30%        2d7       6%          2
c - Conjure Flame         Conj/Fire      15%        6-21      12%         3
d - Inner Flame           Hex/Fire       15%        N/A       12%         3
e - Flame Wave            Conj/Fire      15%        2d6       36%         4
f - Magic Dart            Conj           60%        1d6       3%          1
Your spell library was empty.

Dungeon Overview and Level Annotations

Branches:
Dungeon (3/15)

Altars:


Innate Abilities, Weirdness & Mutations

You are immune to sickness and miasma.
You are immune to poison.
Your flesh is very heat resistant. (rF++)
You are vulnerable to cold. (rC-)
You float through the air rather than walking.
You learn spells naturally, not from books.
Your magical power is your life essence.
You have superior vitality. (+4 MHP)


Message History

[Y]es or [N]o only, please.
The spell is quite dangerous to miscast (14% risk of failure)!
Continue anyway?
Aiming: Inner Flame (quite dangerous; 14% risk of failure)
Press: ? - help, Dir - move target, f - iguana
Aim: an iguana (wisps of flame, moderately wounded, ally target, chance to affect: 73%)
The iguana is filled with an inner flame.
* * * LOW HITPOINT WARNING * * *
Your foxfire dissipates!
The foxfire hits the iguana but does no damage.
The iguana is moderately wounded.
Casting: Foxfire (safe; 4% risk of failure)
Press: ? - help, Q - select action, (/) - cycle Dir - look around, f - activate You conjure some foxfire!
* * * LOW HITPOINT WARNING * * *
A howler monkey comes into view.
Casting: Foxfire (safe; 4% risk of failure)
Confirm with . or Enter, or press ? or * to list all spells.
Flames lash the iguana.
Flame seeps out of the iguana.
The iguana is almost dead.
The iguana's fire resistance burns away.
* * * LOW HITPOINT WARNING * * *
The foxfire hits the iguana!
The iguana is burned terribly!
The iguana explodes!
The foxfire hits the howler monkey.
The howler monkey is moderately wounded.
You have reached level 4!
You feel clever.
Casting: Foxfire (safe; 3% risk of failure)
Press: ? - help, Q - select action, (/) - cycle Dir - look around, f - activate You conjure some foxfire!
* * * LOW HITPOINT WARNING * * *
The howler monkey hoots and howls with incredible vigour!
Your foxfire dissipates!
Your foxfire dissipates!
A howler monkey is nearby!
Found a stone staircase leading down.
The howler monkey hoots and howls with incredible vigour!
There is a stone staircase leading down here.
The howler monkey hits you.
You die...

### #.. # #.#
#####.#.#########
..............h@#
#####.#.#.#######
.. #.#.# ...
#.#.# ... #.#.#
.. #.#.. . #[###
#).


You could see a howler monkey.

Vanquished Creatures
  An iguana (D:5)
  A white imp (D:5)
  A worm (D:2)
  An orc (D:3)
  3 bats
  An endoplasm (D:2)
  A hobgoblin (D:3)
  2 quokkas
  2 ball pythons (D:2)
  A goblin (D:2)
  A rat (D:3)
15 creatures vanquished.

Vanquished Creatures (others)
  58 foxfires
58 creatures vanquished.

Grand Total: 73 creatures vanquished

Notes
Turn   | Place    | Note
-------+----------+-------------------------------------------
     0 | D:1      | 101zpm the Djinni Fire Elementalist began the quest for the
                  | Orb.
     0 | D:1      | Reached XP level 1. HP: 15/15 MP: 0/0
   442 | D:2      | Reached XP level 2. HP: 15/21 MP: 0/0
   909 | D:3      | You are sucked into a shaft and drop 2 floors!
   909 | D:5      | Entered Level 5 of the Dungeon
   913 | D:5      | Reached skill level 3 in Spellcasting
   913 | D:5      | Reached XP level 3. HP: 11/25 MP: 0/0
   913 | D:5      | Learned a level 1 spell: Magic Dart
   922 | D:5      | Reached XP level 4. HP: 2/31 MP: 0/0
   934 | D:5      | Slain by a howler monkey

Illustrated notes

Levels and vault maps discovered:
D:1:      evilmike_arrival_hilbert_curve, layout_rooms,
          shapermc_ecumenical_altar_mp_ritualfount
D:2:      layout_loops_ring, kennysheep_nondescript
D:3:      layout_basic
D:5:      layout_basic, uniq_grinder

Skill      XL: |  1  2 |
---------------+-------+-----
Spellcasting   | 3 |  3.3
Fighting       | |  0.1
Dodging        | |  2.8
Stealth        | |  1.7

Action                   |  1- 3 |  4- 6 || total
-------------------------+-------+-------++-------
Melee: Unarmed           |     3 |       ||     3
 Cast: Foxfire           |    35 |     1 ||    36
       Scorch            |     6 |       ||     6
       Magic Dart        |     2 |       ||     2
       Inner Flame       |     1 |       ||     1
Armor: Robe              |     1 |       ||     1
Dodge: Dodged            |    13 |       ||    13

Table legend: (Time is in decaauts)
 A = Elapsed time spent in this place.
 B = Non-inter-level travel time spent in this place.
 C = Inter-level travel time spent in this place.
 D = Time resting spent in this place.
 E = Time spent auto-exploring this place.
 F = Levels seen in this place.
 G = Mean time per level.
                   A        B        C        D        E       F      G
               +--------+--------+--------+--------+--------+-----+--------+
         Total |    933 |    933 |      0 |      0 |    818 |   4 |  233.2 |
       Dungeon |    933 |    933 |      0 |      0 |    818 |   4 |  233.2 |
               +--------+--------+--------+--------+--------+-----+--------+

Top non-repeatable levels by time:
     D:2: 874 daAuts
     D:3: 29 daAuts
     D:5: 24 daAuts
     D:1: 4 daAuts
